 Dungeon Crawl Stone Soup version 0.28-a0-691-gad6df49e81 (webtiles) character file.

Game seed: 12990096293593941065

65 pop123321pop the Magician (level 3, -2/19 HPs)
             Began as a Deep Elf Air Elementalist on Oct 22, 2021.
             Slain by a phantom (5 damage)
             ... on level 4 of the Dungeon.
             The game lasted 00:09:49 (2940 turns).

pop123321pop the Magician (DEAE)                    Turns: 2940, Time: 00:09:49

Health: -2/19      AC:  2    Str:  5    XL:     3   Next: 92%
Magic:  1/10       EV: 12    Int: 20    God:
Gold:   168        SH:  0    Dex: 15    Spells: 9/10 levels left

rFire   . . .      SeeInvis .   (no weapon)
rCold   . . .      Faith    .   (no shield)
rNeg    + . .      Spirit   .   a - +0 robe
rPois   .          Reflect  .   (no helmet)
rElec   .          Harm     .   (no cloak)
rCorr   .          Rampage  .   (no gloves)
Will    .....                   (no boots)
Stlth   ++........              (no amulet)
HPRegen 0.06/turn               j - ring of positive energy
MPRegen 0.12/turn               (no ring)

@: very slightly contaminated
A: no striking features
a: no special abilities


You were on level 4 of the Dungeon.
You visited 1 branch of the dungeon, and saw 4 of its levels.

You collected 168 gold pieces.

Inventory:

Armour
 a - a +0 robe (worn)
Jewellery
 j - a ring of positive energy (left hand)
Scrolls
 c - a scroll of fear
 d - a scroll of identify
 f - a scroll of noise
Potions
 e - a potion of curing


   Skills:
 - Level 2.6 Dodging
 - Level 2.6 Stealth
 + Level 4.0 Spellcasting
 + Level 2.0 Conjurations
 + Level 3.8 Air Magic


You had 9 spell levels left.
You knew the following spells:

 Your Spells              Type           Power      Damage    Failure   Level
a - Shock                 Conj/Air       60%        1d6       3%          1

Your spell library contained the following spells:

 Spells                   Type           Power      Damage    Failure   Level
 Static Discharge         Conj/Air       15%        N/A       6%          2
 Swiftness                Air            19%        N/A       8%          3
 Blink                    Tloc           N/A        N/A       19%         2
 Airstrike                Air            9%         N/A       26%         4
 Lesser Beckoning         Tloc           4%         N/A       36%         3
 Sticky Flame             Conj/Fire      8%         2d3       63%         4
 Dispel Undead            Necr           4%         3d7       77%         4
 Manifold Assault         Tloc           4%         N/A       98%         5


Dungeon Overview and Level Annotations

Branches:
Dungeon (4/15)
 Temple: D:4-7

Altars:

Shops:
D:1 =:?


Message History

Casting: Shock (safe; 3% risk of failure)
Confirm with . or Enter, or press ? or * to list all spells.
Aiming: Shock (safe; 3% risk of failure)
Press: ? - help, Shift-Dir - straight line, f/p - phantom
Aim: a phantom (heavily damaged, 60% to hit)
The zap misses the phantom.
The phantom closely misses you.
Casting: Shock (safe; 3% risk of failure)
Confirm with . or Enter, or press ? or * to list all spells.
Aiming: Shock (safe; 3% risk of failure)
Press: ? - help, Shift-Dir - straight line, f/p - phantom
Aim: a phantom (heavily damaged, 60% to hit)
You miscast Shock.
You are very lightly contaminated with residual magic.
Nothing appears to happen.
The phantom hits you.
* * * LOW HITPOINT WARNING * * *
Casting: Shock (safe; 3% risk of failure)
Confirm with . or Enter, or press ? or * to list all spells.
Aiming: Shock (safe; 3% risk of failure)
Press: ? - help, Shift-Dir - straight line, f/p - phantom
Aim: a phantom (heavily damaged, 60% to hit)
The zap hits the phantom but does no damage.
The phantom is heavily damaged.
The phantom barely misses you.
Casting: Shock (safe; 3% risk of failure)
Confirm with . or Enter, or press ? or * to list all spells.
Aiming: Shock (safe; 3% risk of failure)
Press: ? - help, Shift-Dir - straight line, f/p - phantom
Aim: a phantom (heavily damaged, 60% to hit)
The zap hits the phantom.
The phantom is severely damaged.
The phantom misses you.
Casting: Shock (safe; 3% risk of failure)
Confirm with . or Enter, or press ? or * to list all spells.
Aiming: Shock (safe; 3% risk of failure)
Press: ? - help, Shift-Dir - straight line, f/p - phantom
Aim: a phantom (severely damaged, 60% to hit)
The zap hits the phantom.
The phantom is almost destroyed.
The phantom hits you.
You die...

#. #. #.# #.
#.# #. ... #
###. #.#.###
... ......
#.##.#.#.###
#...........
####@#.#.#
#W# #.# ...
... ##...
#... #...#


You could see a phantom.

Vanquished Creatures
  An adder (D:2)
  A worm (D:2)
  A dart slug (D:2)
  6 ball pythons
  5 endoplasms
  2 giant cockroaches (D:3)
  4 goblins
  8 hobgoblins
  5 kobolds
  A quokka (D:1)
  5 bats
  4 frilled lizards
  3 rats (D:1)
46 creatures vanquished.

Notes
Turn   | Place    | Note
-------+----------+-------------------------------------------
     0 | D:1      | pop123321pop the Deep Elf Air Elementalist began the quest
                  | for the Orb.
     0 | D:1      | Reached XP level 1. HP: 10/10 MP: 6/6
     7 | D:1      | Found Uguzis's Jewellery Shoppe.
   180 | D:1      | Reached XP level 2. HP: 15/15 MP: 5/8
   209 | D:1      | Found Gedwem's Magic Scroll Boutique.
   257 | D:1      | Found Ruazim's Book Emporium.
   432 | D:1      | Found a faded altar of an unknown god.
  1191 | D:2      | Reached XP level 3. HP: 19/19 MP: 5/10
  2721 | D:3      | Reached skill level 4 in Spellcasting
  2901 | D:3      | Noticed a phantom
  2940 | D:4      | Slain by a phantom

Illustrated notes

Levels and vault maps discovered:
D:1:      mrwooster_arrival_statue, layout_basic,
          shapermc_ecumenical_altar_venn, serial_shops, shop, shop_coins, shop,
          grunt_decor_arrowhead
D:2:      layout_loops_ring, kennysheep_cross_room, hex_tiny
D:3:      layout_loops_corners
D:4:      layout_basic, mainiacjoe_overflow_catwalk_spiral, kennysheep_mini,
          mainiacjoe_overflow_small_starburst, jmf_multi_god_temple,
          uniq_sigmund

Skill      XL: |  1  2  3 |
---------------+----------+-----
Conjurations   | 2 |  2.0
Spellcasting   | 4 |  4.0
Dodging        | |  2.6
Stealth        | |  2.6
Air Magic      | |  3.8

Action                   || total
-------------------------++-------
Melee: Unarmed           ||     2
 Cast: Shock             ||   112
  Use: Scroll            ||     5
       Potion            ||     5
Armor: Robe              ||     2
Dodge: Dodged            ||    20

Table legend: (Time is in decaauts)
 A = Elapsed time spent in this place.
 B = Non-inter-level travel time spent in this place.
 C = Inter-level travel time spent in this place.
 D = Time resting spent in this place.
 E = Time spent auto-exploring this place.
 F = Levels seen in this place.
 G = Mean time per level.
                   A        B        C        D        E       F      G
               +--------+--------+--------+--------+--------+-----+--------+
         Total |   2937 |   2809 |    128 |    323 |   2174 |   4 |  734.2 |
       Dungeon |   2937 |   2809 |    128 |    323 |   2174 |   4 |  734.2 |
               +--------+--------+--------+--------+--------+-----+--------+

Top non-repeatable levels by time:
     D:2: 1386 daAuts
     D:1: 1095 daAuts
     D:3: 441 daAuts
     D:4: 14 daAuts
